Map: Void Thrashing

Players

NamroodTuo

  • Race: Zerg Zerg

Dahakon

  • Race: Protoss Protoss
  • Spawn Location: 9:00

VOD

Have the link to the VOD?

Description

Time

  • Played on: March 25, 2023, 4:41 a.m.
  • Length: 19:07
Show
View Real Time Build Order
Export as new Build Order

NamroodTuo Zerg 

Build Orders:  

Get SALT Encoding   

  12  0:13  Overlord  
  12  0:21  Infested SCV  
  13  0:30  Infested SCV  
  13  0:32  Infested SCV  
  15  0:41  Infested SCV  
  16  0:52  Infested SCV  
  17  1:08  Infested Barracks, Infested SCV  
  18  1:21  Overlord  
  18  1:43  Infested SCV  
  19  1:53  Infested SCV  
  20  2:04  Infested Refinery  
  20  2:09  Infestation Level 1  
  20  2:17  Infested SCV  
  20  2:19  Infested Marine x3  
  24  2:24  Infested Marine  
  24  2:29  Infested Marine  
  26  2:33  Overlord  
  26  2:41  Infested SCV  
  27  2:58  Infested SCV, Infested Refinery  
  28  3:13  Infested SCV  
  29  3:42  Infested SCV  
  30  3:52  Infested Command Center  
  30  3:57  Infested SCV  
  27  4:03  Infested Barracks Tech Lab  
  27  4:09  Anaerobic Enhancement  
  26  4:19  Infested SCV  
  27  4:20  Infested SCV  
  28  4:35  Infested Engineering Bay  
  28  4:55  Infested Marine  
  28  4:56  Infested Marine x3  
  32  5:11  Infestation Level 2  
  28  5:29  Infested Bunker  
  32  5:30  Infested SCV x2  
  32  5:31  Infested SCV  
  32  5:35  Infested SCV  
  32  5:39  Overlord  
  36  6:34  Infested Factory  
  36  6:37  Retinal Augmentation  
  36  6:44  Infested SCV x3  
  36  6:45  Infested SCV x2  
  41  6:51  Infested Refinery  
  41  7:10  Infested Refinery  
  41  7:11  Broodling Gestation  
  41  7:23  Infested Bunker  
  41  7:26  Unknown  
  45  7:30  Infested SCV x2  
  45  7:33  Infested SCV  
  48  7:54  Plagued Munitions  
  48  7:57  Regenerative Plating  
  48  7:58  Infested Armory  
  48  8:29  Infested Bunker  
  52  8:53  Infested SCV x4  
  52  8:54  Infested SCV  
  52  8:57  Stukov Infantry Weapons Level 1  
  57  9:18  Infested Barracks  
  57  9:25  Infested Bunker  
  57  9:26  Infested SCV  
  57  9:28  Overlord  
  62  9:54  Overlord x2  
  62  9:55  Overlord  
  62  9:57  Infested SCV  
  62  9:58  Aggressive Incubation  
  63  10:36  Infested Bunker  
  63  10:37  Infested SCV  
  63  10:38  Infested SCV  
  69  10:43  Overseer x2  
  69  10:46  Overseer  
  69  10:50  Overlord  
  69  10:51  Overlord x4  
  69  11:00  Stukov Vehicle and Ship Weapons Level 1  
  69  11:07  Infested Factory Tech Lab  
  69  11:14  Overlord  
  69  11:31  Infested Barracks  
  69  11:37  Stukov Infantry Armor Level 1  
  69  11:38  Infested Bunker  
  73  12:23  Infested Bunker  
  77  12:35  Infestation Level 3  
  77  12:40  Saturated Cultures  
  77  12:50  Infested SCV x2  
  77  12:53  Infested SCV  
  80  13:16  Infested Marine  
  80  13:17  Infested Marine x12  
  80  13:18  Infested Marine x23  
  80  13:19  Infested Marine x3  
  119  13:32  Infested SCV x3  
  119  13:33  Infested SCV  
  119  13:38  Overlord  
  123  13:40  Caustic Mucus, Stukov Vehicle and Ship Armor Level 1  
  123  13:58  Infested Bunker  
  107  14:17  Calcified Armor  
  104  14:39  Infested Bunker  
  105  14:40  Infested Bunker  
  104  14:54  Infested Marine x6  
  104  14:55  Infested Marine x13  
  109  15:10  Automated Mitosis  
  109  15:17  Stukov Infantry Weapons Level 2  
  109  15:23  Infested Marine  
  109  15:24  Infested Marine x19  
  109  15:25  Infested Marine x13  
  142  15:35  Infested Bunker  
  142  16:10  Acidic Enzymes  
  121  16:38  Infested Bunker  
  124  16:40  Infested Bunker  
  124  16:46  Infested Bunker  
  124  16:49  Infested Bunker  
  117  17:02  Infested Bunker  
  114  17:34  Infested Siege Tank x3  
  114  17:35  Infested Siege Tank  
  126  17:48  Infested Marine x5  
  126  17:49  Infested Marine x12  
  143  18:08  Infested Marine x3  
  143  18:09  Infested Marine x4  
  150  18:29  Infested Marine  
  150  18:33  Overlord x4  
  150  18:34  Overlord  
Show
View Real Time Build Order
Export as new Build Order

Dahakon Protoss 

Build Orders:  

Get SALT Encoding   

  12  0:12  Probe (Chrono Boost)  
  13  0:26  Assimilator  
  13  0:29  Probe (Chrono Boost)  
  14  0:41  Pylon  
  14  0:46  Assimilator  
  14  1:08  Forge  
  14  1:14  Probe (Chrono Boost)  
  16  1:31  Probe (Chrono Boost)  
  16  1:46  Gateway  
  16  1:48  Probe (Chrono Boost)  
  17  2:11  Pylon  
  17  2:17  Photon Cannon  
  17  2:26  Probe (Chrono Boost)  
  18  2:43  Probe (Chrono Boost)  
  18  2:45  Solar Efficiency Level 1  
  20  3:00  Probe (Chrono Boost)  
  20  3:02  Cybernetics Core  
  20  3:49  Probe (Chrono Boost)  
  21  4:05  Probe (Chrono Boost)  
  21  4:08  Nexus  
  22  4:18  Assimilator  
  22  4:22  Probe (Chrono Boost)  
  23  4:39  Probe (Chrono Boost)  
  24  4:56  Probe (Chrono Boost)  
  25  5:09  Assimilator  
  25  5:13  Probe (Chrono Boost)  
  25  5:15  Photon Cannon  
  25  5:16  Photon Cannon  
  26  5:21  Shield Battery  
  26  5:28  Shield Battery  
  27  5:30  Probe (Chrono Boost)  
  27  5:47  Probe (Chrono Boost)  
  28  6:10  Twilight Council  
  28  6:12  Probe (Chrono Boost)  
  28  6:17  Pylon  
  28  6:18  Probe (Chrono Boost)  
  30  6:29  Probe (Chrono Boost)  
  31  6:31  Advanced Repair Systems  
  31  6:35  Probe (Chrono Boost)  
  31  6:39  Protoss Shields Level 1  
  32  6:46  Probe (Chrono Boost)  
  33  6:52  Probe (Chrono Boost)  
  34  7:13  Probe (Chrono Boost)  
  34  7:18  Probe (Chrono Boost)  
  37  7:30  Probe (Chrono Boost)  
  37  7:35  Probe (Chrono Boost)  
  38  7:47  Probe (Chrono Boost)  
  39  7:52  Probe (Chrono Boost)  
  40  8:01  Unknown, Solar Efficiency Level 2  
  40  8:04  Probe (Chrono Boost)  
  40  8:09  Probe (Chrono Boost)  
  43  8:21  Probe (Chrono Boost)  
  43  8:26  Probe (Chrono Boost)  
  44  8:38  Probe (Chrono Boost)  
  45  8:43  Probe (Chrono Boost)  
  46  8:54  Probe (Chrono Boost)  
  48  9:00  Probe (Chrono Boost)  
  49  9:11  Probe (Chrono Boost)  
  49  9:17  Probe (Chrono Boost)  
  50  9:33  Stargate  
  50  9:34  Probe (Chrono Boost)  
  50  9:37  Stargate  
  51  9:47  Pylon  
  51  9:49  Pylon  
  51  9:50  Pylon x2  
  51  9:52  Pylon  
  51  9:53  Pylon  
  51  9:57  Protoss Shields Level 2  
  51  9:59  Rapid Recharging  
  51  10:01  Phase Detonation, Protoss Air Weapons Level 1  
  51  10:54  Fleet Beacon  
  51  11:55  Mirage x2  
  55  12:01  Anion Pulse-Crystals  
  55  12:10  Solar Efficiency Level 3  
  55  12:29  Mirage  
  55  12:30  Mirage  
  59  12:41  Protoss Air Armor Level 1  
  59  12:57  Pylon x2  
  59  12:59  Pylon x2  
  59  13:01  Phasing Armor  
  59  13:02  Pylon  
  59  13:04  Mirage  
  59  13:05  Pylon, Mirage  
  59  13:06  Pylon  
  59  13:08  Pylon  
  63  13:13  Pylon  
  63  13:14  Pylon  
  63  13:16  Pylon  
  63  13:18  Pylon  
  63  13:21  Pylon  
  63  13:39  Mirage  
  65  13:40  Mirage  
  67  15:10  Solar Flare  
  67  15:21  Protoss Air Weapons Level 2  
  67  15:32  Mirage x2  
  71  15:47  Repair Drones  
  71  16:07  Mirage x2  
Tags
 
Commander
KaraxStukov
Matchup
Co-op
Replay Pack
Multiplayer
Add a new tag
Caveats
  • Supply blocks, unpowered buildings, or Contaminate may cause inaccurate times.
  • Supply counts are checked every 10 seconds.